 Dungeon Crawl Stone Soup version 0.19.0-24-gb05acd6 (webtiles) character file.

833 Haldmier the Ruffian (level 7, -4/61 HPs)
             Began as a Troll Transmuter on Nov 23, 2016.
             Was a Follower of Kikubaaqudgha.
             Slain by Prince Ribbit (11 damage)
             ... on level 5 of the Dungeon.
             The game lasted 00:15:20 (4312 turns).

Haldmier the Ruffian (Troll Transmuter)             Turns: 4312, Time: 00:15:21

Health: -4/61      AC:  8    Str: 23    XL:     7   Next: 66%
Magic:  7/7        EV: 10    Int: 11    God:    Kikubaaqudgha [*.....]
Gold:   13         SH:  0    Dex: 10    Spells: 3 memorised, 1 level left

rFire  . . .     SeeInvis .       - Unarmed
rCold  . . .     Gourm    +     g - +2 robe {rN+}
rNeg   + . .     Faith    .     (no shield)
rPois  .         Spirit   .     (helmet restricted)
rElec  .         Reflect  .     z - +0 cloak
rCorr  .         Harm     .     (gloves unavailable)
MR     .....                    (boots unavailable)
Stlth  +.........               (no amulet)
                                A - +4 ring of strength
                                (no ring)

@: no status effects
A: unfitting armour, claws 3, fast metabolism 3, gourmand, regeneration 1,
shaggy fur 1, tough skin 2
a: Receive Corpses, Renounce Religion


You were on level 5 of the Dungeon.
You worshipped Kikubaaqudgha.
Kikubaaqudgha was aware of your devotion.
You were completely stuffed.

You visited 1 branch of the dungeon, and saw 5 of its levels.
You also visited: Sewer.

You collected 139 gold pieces.
You spent 126 gold pieces at shops.

Inventory:

Hand Weapons
 n - a +0 hunting sling
 y - a +0 blowgun
Missiles
 a - 60 arrows
 e - 106 stones (quivered)
 m - 3 tomahawks
Armour
 g - a +2 robe of positive energy (worn)
 z - a +0 cloak (worn)
Jewellery
 o - an uncursed ring of ice
 A - a +4 ring of strength (right claw)
Wands
 b - a wand of acid (8/15)
 r - a wand of enslavement (14/24)
 w - a wand of slowing (15/48)
Scrolls
 h - a scroll of identify
 s - a scroll of magic mapping
Potions
 f - 4 potions of curing
 C - 4 potions of flight
Books
 c - a book of Changes

   Spells                             Type                      Level
   a - Beastly Appendage              Transmutation                1
   b - Sticks to Snakes               Transmutation                2
   c - Spider Form                    Transmutation/Poison         3
   d - Ice Form                       Ice/Transmutation            4
   e - Blade Hands                    Transmutation                5
 B - Kikubaaqudgha's Compendium of Evil
   (Kikubaaqudgha gifted it to you in a sewer)

   Spells                             Type                      Level
   a - Animate Skeleton               Necromancy                   1
   b - Corpse Rot                     Necromancy                   2
   c - Sublimation of Blood           Necromancy                   2
   d - Vampiric Draining              Necromancy                   3
   e - Control Undead                 Necromancy                   4
Comestibles
 d - 3 bread rations
 k - a fruit
 l - 4 meat rations
 q - 2 beef jerkies
 D - a slice of pizza


   Skills:
 - Level 0.7 Fighting
 - Level 1.5 Dodging
 + Level 6.9 Unarmed Combat
 - Level 1.2 Spellcasting
 + Level 4.3 Transmutations
 + Level 1.6 Ice Magic


You had one spell level left.
You knew the following spells:

 Your Spells              Type           Power        Failure   Level  Hunger
a - Beastly Appendage     Tmut           ##....       6%          1    ##.....
b - Sticks to Snakes      Tmut           ##......     10%         2    ###....
c - Ice Form              Ice/Tmut       #.......     89%         4    #####..


Dungeon Overview and Level Annotations

Branches:
Dungeon (5/15)
 Temple: D:4-7

Altars:
Dithmenos
Kikubaaqudgha
Nemelex Xobeh
Trog
Uskayaw
Zin

Shops:
D:4 ?

Annotations:
D:5 Prince Ribbit


Innate Abilities, Weirdness & Mutations

You are too large for most types of armour.
You have claws for hands.
Your metabolism is lightning-fast.
You like to eat raw meat.
Your natural rate of healing is unusually fast.
You are covered in fur. (AC +1)
You have very tough skin. (AC +2)


Message History

As you read the scroll of teleportation, it crumbles to dust.
You feel strangely unstable.
The crimson imp hits you but does no damage.
The crimson imp hits you.
* * * LOW HITPOINT WARNING * * *
Your surroundings suddenly seem different.
The crimson imp blinks!
Prince Ribbit closely misses you. Prince Ribbit hits you!
* * * LOW HITPOINT WARNING * * *
Prince Ribbit blinks!
You miss Prince Ribbit.
Prince Ribbit is lightly wounded.
Prince Ribbit hits you.
* * * LOW HITPOINT WARNING * * *
Prince Ribbit hits you.
* * * LOW HITPOINT WARNING * * *
Prince Ribbit hits you!
You die...
Kikubaaqudgha rasps: "You have failed me!
Welcome... death!"

#..# #..# ..
## #..## ..#
#.## #.5.##
...# #..##
###..####..#
#..#
##.......#
#.## ##....###
#..## ##...##
#@F.#####...##
##...5......#
########...#
##..# ##).#
..# .... .....
....


You could see Prince Ribbit and a crimson imp.

Vanquished Creatures
  Grinder (D:4)
  A big kobold (Sewer)
  Blork the orc (D:4)
  The ghost of dscm the Digger, a weakling OpEE (D:4)
  A howler monkey (D:4)
  A bullfrog zombie (D:4)
  A hound (D:4)
  An orc priest (D:3)
  An orc wizard (D:4)
  2 bullfrog skeletons (D:4)
  3 worker ants (D:4)
  3 gnolls (D:4)
  3 adders
  2 river rats (Sewer)
  An ooze (D:2)
  An adder skeleton (D:4)
  3 worms (D:2)
  3 dart slugs
  2 leopard geckos (D:1)
  6 orcs
  7 bats
  5 giant cockroaches
  5 hobgoblins
  A jackal (Sewer)
  2 quokkas (D:4)
  2 ball pythons
  A frilled lizard (D:1)
  11 goblins
  A jackal skeleton (D:4)
  15 kobolds
  A quokka zombie (D:5)
  11 rats
  A plant (D:1)
101 creatures vanquished.

Notes
Turn   | Place    | Note
-------+----------+-------------------------------------------
     0 | D:1      | Haldmier the Troll Transmuter began the quest for the Orb.
     0 | D:1      | Reached XP level 1. HP: 18/18 MP: 1/1
   114 | D:1      | Reached XP level 2. HP: 26/26 MP: 2/2
   563 | D:1      | Reached skill level 4 in Unarmed Combat
   840 | D:1      | Reached XP level 3. HP: 32/32 MP: 3/3
  1028 | D:2      | Learned a level 2 spell: Sticks to Snakes
  2124 | D:2      | Reached XP level 4. HP: 40/40 MP: 4/4
  2245 | D:3      | Found a shadowy altar of Dithmenos.
  2665 | D:3      | Found a hide-covered altar of Uskayaw.
  2943 | D:3      | Found a glowing silver altar of Zin.
  2943 | D:3      | Found a sparkling altar of Nemelex Xobeh.
  2944 | D:3      | Found a bloodstained altar of Trog.
  3093 | D:4      | Reached skill level 5 in Unarmed Combat
  3093 | D:4      | Reached XP level 5. HP: 44/46 MP: 5/5
  3120 | D:4      | Found an ancient bone altar of Kikubaaqudgha.
  3120 | D:4      | Noticed dscm's ghost (weakling OpEE)
  3127 | D:4      | Became a worshipper of Kikubaaqudgha
  3146 | D:4      | Killed dscm's ghost
  3166 | D:4      | Noticed Blork the orc
  3179 | D:4      | Killed Blork the orc
  3179 | D:4      | Reached XP level 6. HP: 24/54 MP: 6/6
  3288 | D:4      | Found Suighihi's Magic Scroll Boutique.
  3389 | D:4      | Reached skill level 6 in Unarmed Combat
  3456 | D:4      | Found a glowing drain.
  3461 | Sewer    | Entered a sewer
  3549 | Sewer    | Reached * piety under Kikubaaqudgha
  3549 | Sewer    | Identified Kikubaaqudgha's Compendium of Evil (Kikubaaqudgha gifted it to you in a sewer)
  3549 | Sewer    | Received a gift from Kikubaaqudgha
  3549 | Sewer    | Reached XP level 7. HP: 51/61 MP: 7/7
  3564 | Sewer    | Learned a level 4 spell: Ice Form
  3573 | Sewer    | Found a glowing silver altar of Zin.
  3986 | D:4      | Noticed Grinder
  4005 | D:4      | Killed Grinder
  4005 | D:4      | Reached skill level 1 in Ice Magic
  4069 | D:4      | Bought a scroll of identify for 28 gold pieces
  4078 | D:4      | Bought a scroll of teleportation for 42 gold pieces
  4091 | D:4      | Bought a scroll of identify for 28 gold pieces
  4091 | D:4      | Bought a scroll of identify for 28 gold pieces
  4271 | D:5      | Entered Level 5 of the Dungeon
  4284 | D:5      | Noticed Prince Ribbit
  4312 | D:5      | Slain by Prince Ribbit

Skill      XL: |  1  2  3  4  5  6  7 |
---------------+----------------------+-----
Unarmed Combat | 4 5 6 |  6.9
Transmutations | 2 3 4 |  4.3
Ice Magic      | 1 |  1.6
Fighting       | |  0.7
Dodging        | |  1.5
Spellcasting   | |  1.2

Action                   |  1- 3 |  4- 6 |  7- 9 || total
-------------------------+-------+-------+-------++-------
Melee: Unarmed           |   142 |   157 |    42 ||   341
       Punch             |     3 |     2 |     1 ||     6
  Use: Scroll            |       |       |     9 ||     9
       Potion            |       |       |     1 ||     1
  Eat: Chunk             |    23 |    15 |     8 ||    46
Armor: Robe              |    45 |    58 |    12 ||   115
Dodge: Dodged            |    55 |    79 |    21 ||   155
